 Dungeon Crawl Stone Soup version 0.28.0-45-g0d030f2227 (webtiles) character file.

Game seed: 4318595147366981794

76 zeratav the Insei (level 4, 0/29 HPs)
             Began as an Octopode Transmuter on Apr 7, 2022.
             Slain by a bat (1 damage)
             ... on level 2 of the Dungeon.
             The game lasted 00:05:47 (2180 turns).

zeratav the Insei (Octopode Transmuter)             Turns: 2180, Time: 00:05:48

Health: 0/29       AC:  1    Str: 11    XL:     4   Next: 32%
Magic:  6/7        EV: 13    Int: 15    God:
Gold:   116        SH:  0    Dex: 12    Spells: 6/7 levels left

rFire   . . .      SeeInvis .     - Unarmed
rCold   . . .      Faith    .   (no shield)
rNeg    . . .      Spirit   .   (helmet currently unavailable)
rPois   .          Reflect  .   (no amulet)
rElec   .          Harm     .   (no ring)
rCorr   .          Rampage  .   (no ring)
Will    .....                   (no ring)
Stlth   ++........              (no ring)
HPRegen 0.09/turn               (no ring)
MPRegen 0.10/turn               (no ring)
                                (no ring)
                                (no ring)

@: appendages (expiring)
A: tentacle spike 3, almost no armour, amphibious, 8 rings, camouflage 1,
gelatinous body 1, (nimble swimmer 1), tentacles
a: End Transformation


You were on level 2 of the Dungeon.
One of your tentacles had grown a beastly spike.
You visited 1 branch of the dungeon, and saw 3 of its levels.

You collected 116 gold pieces.

Inventory:

Missiles
 i - 5 poisoned darts
Scrolls
 a - 3 scrolls of identify {unknown}
 b - a scroll of vulnerability {unknown}
 d - 2 scrolls of immolation {unknown}
 e - a scroll of teleportation {unknown}
 g - a scroll of fear {unknown}
 h - a scroll of blinking {unknown}
 j - a scroll of silence {unknown}
Potions
 c - a potion of lignification {unknown}
 f - a potion of ambrosia {unknown}


   Skills:
 + Level 1.9 Fighting
 + Level 2.7 Dodging
 * Level 4.2 Unarmed Combat
 - Level 2.0 Spellcasting
 - Level 2.0 Transmutations


You had 6 spell levels left.
You knew the following spells:

 Your Spells              Type           Power      Damage    Failure   Level
a - Beastly Appendage     Tmut           14%        N/A       10%         1

Your spell library contained the following spells:

 Spells                   Type           Power      Damage    Failure   Level
 Wereblood                Tmut           7%         N/A       14%         2
 Spider Form              Tmut/Pois      4%         N/A       41%         3
 Ice Form                 Ice/Tmut       4%         N/A       82%         4


Dungeon Overview and Level Annotations

Branches:
Dungeon (3/15)

Altars:


Innate Abilities, Weirdness & Mutations

One of your tentacles has grown a beastly spike.
You cannot wear most types of armour.
You are amphibious.
You can wear up to eight rings at the same time.
Your skin changes colour to match your surroundings (Stealth+).
Your rubbery body absorbs attacks. (AC +1, EV +1)
((You are camouflaged when in or above water. (Stealth+)))
You have tentacles for arms and can constrict up to eight enemies at once.


Message History

The orc priest is heavily wounded.
You constrict the orc priest.
A bat comes into view.
The orc priest calls down the wrath of Beogh upon you.
Beogh smites you!
Ouch! That really hurt!
* * * LOW HITPOINT WARNING * * *
You tentacle-slap the orc priest but do no damage.
You pierce the orc priest, but do no damage.
You squeeze the orc priest.
You kill the orc priest!
You have reached level 4!
Found a stone staircase leading down.
The bat barely misses you.
You see here 10 gold pieces.
The bat completely misses you.
You are too injured to fight recklessly!
You are too injured to fight recklessly!
Your transformation is almost over.
The bat hits you.
* * * LOW HITPOINT WARNING * * *
You tentacle-slap the bat but do no damage.
Your grab misses the bat. The bat hits you but does no damage.
The bat barely misses you. The bat closely misses you.
There is a stone staircase leading up here.
The bat closely misses you. The rat bites you.
* * * LOW HITPOINT WARNING * * *
You climb upwards.
There is a stone staircase leading down here.
You barely miss the bat. Your grab misses the bat.
Your tentacle spike misses the bat.
Your squeeze misses the bat. The bat closely misses you.
The bat barely misses you. The bat hits you but does no damage.
You closely miss the bat. Your grab misses the bat.
Your tentacle spike misses the bat.
Your squeeze misses the bat. The bat closely misses you. The rat bites you.
* * * LOW HITPOINT WARNING * * *
The bat hits you.
You die...

###.######### #.###..# #.# #
#.........# #......# #.#####
#.#.#####.# ####...# #....#.
#.#.# #.#########...# ####...
#.#.# #.#...........#####....
#.#.#####.#.................#..
#.........<...#####.#...##....#
#..######.###.#####.#...##.####
#..######....r@b...........####
#.......<.###.####[............
##.######.###.# #..........###
#.........##.# #..#...#...###
########...#.# #..#...#....##
##......####..#...#.###.#
#................##.# #..
#.............#####.###..
#.......####.## #....##


You could see a bat and a rat.

Vanquished Creatures
  An orc priest (D:3)
  A worm (D:2)
  A bat (D:1)
  4 endoplasms
  A giant cockroach (D:1)
  A goblin (D:2)
  9 hobgoblins
  4 jackals (D:2)
  4 kobolds (D:1)
  A quokka (D:2)
  7 ball pythons
  2 frilled lizards (D:1)
  4 rats
40 creatures vanquished.

Notes
Turn   | Place    | Note
-------+----------+-------------------------------------------
     0 | D:1      | zeratav the Octopode Transmuter began the quest for the
                  | Orb.
     0 | D:1      | Reached XP level 1. HP: 13/13 MP: 3/3
   154 | D:1      | Reached XP level 2. HP: 18/18 MP: 3/5
   846 | D:1      | Reached XP level 3. HP: 22/23 MP: 6/6
  1725 | D:2      | Found a faded altar of an unknown god.
  2152 | D:3      | Reached skill level 4 in Unarmed Combat
  2169 | D:3      | Reached XP level 4. HP: 5/29 MP: 5/7
  2180 | D:2      | HP: 1/29 [rat (2)]
  2180 | D:2      | Slain by a bat

Illustrated notes

Levels and vault maps discovered:
D:1:      lemuel_arrival_lava_pool, layout_basic,
          chequers_serial_rivers_micro_e, minmay_tromino_v4_c
D:2:      layout_loops_ring, hellmonk_ecumenical_altar_crossroads
D:3:      layout_rooms

Skill      XL: |  1  2  3 |
---------------+----------+-----
Unarmed Combat | 4 |  4.2
Fighting       | |  1.9
Dodging        | |  2.7
Spellcasting   | |  2.0
Transmutations | |  2.0

Action                   |  1- 3 |  4- 6 || total
-------------------------+-------+-------++-------
Melee: Unarmed           |    86 |     3 ||    89
       Kick              |    18 |       ||    18
       Constrict         |    27 |       ||    27
       Tentacles         |    13 |       ||    13
       Punch             |     4 |       ||     4
 Cast: Beastly Appendage |    28 |       ||    28
 Stab: Sleeping          |     2 |       ||     2
Armor: Skin              |     7 |     2 ||     9
Dodge: Dodged            |    55 |     8 ||    63
